 Dungeon Crawl Stone Soup version 0.32-a0-86-g8db1b9f803 (webtiles) character file.

Game seed: 9535724516722690826

103747 Ceno the Markskobold (level 16, -4/108 HPs)
             Began as a Kobold Berserker on Feb 5, 2024.
             Was a High Priest of Trog.
             Slain by a wolf spider (15 damage)
             ... on level 1 of the Spider Nest.
             The game lasted 02:03:26 (39240 turns).

Ceno the Markskobold (Kobold Berserker)            Turns: 39240, Time: 02:03:37

Health: -4/108     AC: 11    Str: 15    XL:     16   Next: 90%
Magic:  0/16       EV: 21    Int: 10    God:    Trog [*****.]
Gold:   1958       SH:  0    Dex: 20    Spells: 15/15 levels left

rFire   + . .        a - +2 rapier (heavy)
rCold   + + +        (no shield)
rNeg    . . .        Y - +0 acid dragon scales
rPois   +            (no helmet)
rElec   .            P - scarf {rC+ rF+}
rCorr   +            e - +2 pair of gloves
SInv    +            (no boots)
Will    ++...        R - amulet of guardian spirit
Stlth   +++++        o - ring of see invisible
HPRegen 0.38/turn    d - ring of Sebic {rPois rC++ Will+}
MPRegen 0.15/turn

%: guardian spirit
@: no status effects
A: small, no large weapons, nightstalker 3
a: Renounce Religion, Berserk, Trog's Hand, Brothers in Arms


You were on level 1 of the Spider Nest.
You worshipped Trog.
Trog was extremely pleased with you.
You visited 5 branches of the dungeon, and saw 24 of its levels.

You collected 2674 gold pieces.
You spent 716 gold pieces at shops.

Inventory:

Hand Weapons
 a - a +2 heavy rapier (weapon)
 b - a +0 arbalest
 G - a +2 rapier
 O - a +1 antimagic dagger
Missiles
 h - 131 stones
 k - 4 atropa-tipped darts
 y - 7 boomerangs (quivered)
 B - 3 poisoned darts
 L - 6 curare-tipped darts
Armour
 e - a +2 pair of gloves (worn)
 C - a +2 buckler
 P - a scarf of resistance (worn)
 Y - +0 acid dragon scales (worn)
Jewellery
 d - the ring of Sebic (right hand) {rPois rC++ Will+}
   (You bought it in a shop on level 3 of the Dungeon)

   [ring of poison resistance]

   rC++:      It greatly protects you from cold.
   rPois:     It protects you from poison Will+: It increases your willpower.
 j - a +6 ring of dexterity
 o - a ring of see invisible (left hand)
 R - an amulet of guardian spirit (around neck)
Wands
 w - a wand of roots (4)
 z - a wand of charming (7)
 J - a wand of flame (47)
 S - a wand of mindburst (12)
 W - a wand of quicksilver (11)
Scrolls
 c - 8 scrolls of teleportation
 f - 2 scrolls of identify
 i - 2 scrolls of poison
 n - 3 scrolls of fog
 q - a scroll of enchant weapon
 r - 4 scrolls of revelation
 t - 2 scrolls of summoning
 F - a scroll of blinking
 K - a scroll of fear
 N - 4 scrolls of silence
Potions
 l - a potion of magic
 m - 3 potions of mutation
 p - 5 potions of might
 s - 4 potions of haste
 u - 12 potions of curing
 v - 2 potions of invisibility
 x - 4 potions of brilliance
 A - 4 potions of heal wounds
 D - 4 potions of lignification
 E - 2 potions of berserk rage
 Q - 2 potions of cancellation
 T - 2 potions of resistance
 X - 2 potions of enlightenment
Miscellaneous
 Z - a condenser vane


   Skills:
 - Level 15.0 Fighting
 - Level 14.0 Short Blades
 * Level 16.6 Ranged Weapons
 - Level 8.0 Throwing
 - Level 8.0 Armour
 + Level 10.1 Dodging
 - Level 10.0 Stealth
 - Level 8.0 Shields
 - Level 10.0 Evocations


You had 15 spell levels left.
You didn't know any spells.
Your spell library was empty.

Dungeon Overview and Level Annotations

Branches:
Dungeon (15/15)            Temple (1/1) D:7            Lair (5/5) D:11
  Swamp (0/4) Lair:3       Spider (1/4) Lair:3        Slime (0/5) Lair:4
    Orc (2/2) D:10            Elf (0/3) Orc:2        Vaults (0/5) D:14
 Depths (0/4) D:15

Altars:
Ashenzari
Cheibriados
Dithmenos
Elyvilon
Fedhas
Gozag
Hepliaklqana
Kikubaaqudgha
Makhleb
Nemelex Xobeh
Okawaru
Qazlal
Ru
Sif Muna
Trog
Uskayaw
Vehumet
Wu Jian
Xom
Yredelemnul
Zin
The Shining One

Shops:
D:3 =   Orc:2 [(***!

Annotations:
D:6 exclusion: kobold demonologist, Jeremiah
D:7 exclusions: centaur warrior and statue
D:8 exclusion: ugly thing
D:9 1 transporter
D:10 exclusion: gargoyle
D:11 exclusions: cyclops and 3 doors


Innate Abilities, Weirdness & Mutations

You are small and have problems with some larger weapons.
You are completely attuned to the shadows.


Message History

The tarantella is almost dead.
A culicivora comes into view.
The wolf spider misses you. The wolf spider closely misses you.
The tarantella closely misses you.
The culicivora's many legs skitter faintly.
You puncture the tarantella!
You kill the tarantella!
Trog accepts your kill. The wolf spider closely misses you.
The wolf spider bites you!
You hit the wolf spider.
The wolf spider is lightly wounded.
The wolf spider hits you. The wolf spider misses you.
The wolf spider barely misses you. The wolf spider closely misses you.
You puncture the wolf spider!
The wolf spider is lightly wounded.
A wolf spider comes into view.
The culicivora bites you!
The culicivora draws strength from your injuries!
The wolf spider hits you. The wolf spider bites you.
You are poisoned.
The wolf spider poisons you!
You feel better. The culicivora misses you. The wolf spider barely misses you.
The wolf spider closely misses you.
The culicivora chitters at the wolf spider.
The wolf spider's wounds heal themselves!
You hit the wolf spider.
The wolf spider is lightly wounded.
The wolf spider hits you! The wolf spider barely misses you.
A culicivora comes into view.
A wolf spider comes into view.
Unknown command.
The wolf spider attacks as it pursues you!
The wolf spider closely misses you. The wolf spider bites you.
The wolf spider hits you! The wolf spider misses you.
The wolf spider attacks as it pursues you!
The wolf spider closely misses you. The wolf spider bites you!
* * * LOW HITPOINT WARNING * * *
The wolf spider hits you!
* * * LOW HITPOINT WARNING * * *
The wolf spider misses you. The wolf spider hits you!
You die...

#### ##..## #....###
### ##..<^..###.##
##...#..>.....## #
##......##......#.#
:.##.......#..##^.....
...^.........#........
..#...@............#.
..#...sss.......#^....
.......#...#..#.......
...#†......#.....
^...s...........
.............
........... ......#..#
.#.......


You could see 2 wolf spiders and 2 culicivoras.

Vanquished Creatures
  A frost giant (D:12)
  A very ugly thing (D:15)
  A dire elephant (D:15)
  2 fire dragons
  7 hydras
  7 centaur warriors
  5 boulder beetles
  2 catoblepae
  6 two-headed ogres
  8 death yaks
  2 tengu warriors
  A deep troll shaman (Lair:5)
  A deep troll (D:12)
  2 skysharks
  3 skeletal warriors
  A harpy (D:14)
  2 deep elf pyromancers
  A lindwurm (Lair:5)
  4 orc knights
  3 orc sorcerers
  13 ugly things
  4 wolf spiders
  6 cyclopes
  3 manticores
  A black mamba (shapeshifter) (D:13)
  8 elephants (Lair:5)
  6 black mambas
  Joseph (D:8)
  7 slime creatures
  3 kobold blastminers
  A gargoyle (D:10)
  Maggie (D:7)
  13 cane toads
  3 unseen horrors
  A yaktaur (D:15)
  2 efreet
  A komodo dragon (shapeshifter) (D:15)
  A rime drake (Lair:3)
  13 komodo dragons
  A tengu conjurer (D:14)
  A troll (shapeshifter) (D:13)
  9 trolls
  A polar bear (shapeshifter) (D:13)
  10 polar bears
  7 dream sheep
  2 tarantellas (Spider:1)
  21 blink frogs
  4 shadows
  A centaur simulacrum (D:15)
  A culicivora (Lair:3)
  3 wyverns
  8 wraiths
  68 yaks
  3 basilisks
  2 vampire mosquitoes (D:12)
  6 wargs
  6 redbacks
  A steam dragon (D:7)
  3 acid dragons
  14 water moccasins
  A swamp drake (Lair:3)
  37 orc warriors
  5 laughing skulls
  An ice beast (D:8)
  3 sky beasts
  2 black bears
  An ogre (D:15)
  4 boggarts (Lair:3)
  A crocodile (shapeshifter) (D:13)
  12 wolves
  9 centaurs
  2 phantoms
  9 bullfrogs
  3 gnoll sergeants
  4 scorpions
  12 wights
  9 killer bees
  An electric eel (D:11)
  9 howler monkeys
  A bombardier beetle (D:5)
  4 jellies
  A hound (D:6)
  24 orc priests
  2 gnoll boudas
  Crazy Yiuf (D:3)
  5 iguanas
  2 sleepcaps (D:6)
  23 orc wizards
  24 gnolls
  5 adders
  3 shadow imps
  4 white imps
  An ufetubus (D:6)
  4 dart slugs
  3 ribbon worms
  78 orcs
  7 ball pythons
  2 bats
  9 endoplasms
  2 giant cockroaches
  3 goblins
  5 hobgoblins
  4 jackals (D:2)
  2 kobolds
  4 quokkas
  7 rats
675 creatures vanquished.

Vanquished Creatures (collateral kills)
  Saint Roka (Orc:2)
  Josephine (D:12)
  A hydra (Lair:5)
  A tengu warrior (D:15)
  An orc sorcerer (Orc:2)
  A cyclops (D:15)
  A tengu conjurer (D:15)
  A polar bear (Lair:5)
  An ogre (D:5)
  An orc wizard (Orc:2)
10 creatures vanquished.

Vanquished Creatures (others)
  A wraith (D:13)
  A centaur (D:12)
  An orc wizard (Orc:2)
3 creatures vanquished.

Grand Total: 688 creatures vanquished

Notes
Turn   | Place    | Note
-------+----------+-------------------------------------------
     0 | D:1      | Ceno the Kobold Berserker began the quest for the Orb.
     0 | D:1      | Reached XP level 1. HP: 14/14 MP: 1/1
    75 | D:1      | Reached XP level 2. HP: 18/19 MP: 2/2
   284 | D:1      | Reached skill level 1 in Stealth
   598 | D:1      | Found a faded altar of an unknown god.
   890 | D:1      | Reached XP level 3. HP: 23/23 MP: 3/3
  1102 | D:2      | Reached skill level 5 in Short Blades
  1174 | D:2      | Reached XP level 4. HP: 29/29 MP: 4/4
  1489 | D:2      | Reached XP level 5. HP: 33/33 MP: 5/5
  2627 | D:3      | Found Pos Jilu's Jewellery Emporium.
  2700 | D:3      | Reached ** piety under Trog
  2824 | D:3      | Found a runed translucent door.
  2827 | D:3      | Noticed Crazy Yiuf
  2832 | D:3      | Killed Crazy Yiuf
  3023 | D:4      | Reached XP level 6. HP: 28/39 MP: 6/6
  3190 | D:4      | Found a blossoming altar of Fedhas.
  3198 | D:4      | Found a stormy altar of Qazlal.
  3801 | D:5      | Entered Level 5 of the Dungeon
  3854 | D:5      | Noticed an ogre
  3858 | D:5      | Killed an ogre
  3870 | D:5      | You fall into a shaft and drop 2 floors!
  3888 | D:7      | Reached XP level 7. HP: 44/44 MP: 7/7
  4014 | D:6      | Reached skill level 5 in Fighting
  4168 | D:5      | Reached skill level 5 in Stealth
  4431 | D:5      | Reached XP level 8. HP: 50/50 MP: 8/8
  5533 | D:6      | Reached skill level 10 in Short Blades
  5691 | D:6      | Noticed Jeremiah
  5699 | D:6      | Reached skill level 1 in Throwing
  5732 | D:6      | Noticed a kobold demonologist
  5739 | D:6      | Reached XP level 9. HP: 56/56 MP: 9/9
  6352 | D:7      | Found a radiant altar of Vehumet.
  6525 | D:7      | Found a staircase to the Ecumenical Temple.
  6531 | Temple   | Found a transporter.
  6531 | Temple   | Found a transporter.
  6531 | Temple   | Found a transporter.
  6531 | Temple   | Found a transporter.
  6531 | Temple   | Entered the Ecumenical Temple
  6597 | D:7      | Reached *** piety under Trog
  6641 | D:7      | Noticed Maggie
  6953 | D:7      | Reached skill level 5 in Dodging
  7069 | D:7      | Killed Maggie
  7390 | D:7      | Found a faded altar of an unknown god.
  7390 | D:7      | Noticed a centaur warrior
  7390 | D:7      | Found the Hermit's Pendant {Faith Invo=14 Evo=0 MP+5}
  7458 | D:8      | Reached XP level 10. HP: 64/64 MP: 10/10
  7997 | D:8      | Reached skill level 1 in Shields
  8304 | D:8      | Noticed Joseph
  8325 | D:8      | Found an opulent altar of Gozag.
  8362 | D:8      | Noticed a green ugly thing
  8918 | D:9      | Reached skill level 5 in Throwing
  8956 | D:9      | Reached skill level 10 in Stealth
  8957 | D:9      | Noticed a two-headed ogre
  8974 | D:9      | Noticed a two-headed ogre
  9253 | D:10     | Entered Level 10 of the Dungeon
  9321 | D:10     | Noticed a gargoyle
  9329 | D:9      | Found a transporter.
  9542 | D:10     | Found a staircase to the Orcish Mines.
  9683 | D:10     | Noticed a two-headed ogre
  9694 | D:10     | Killed a two-headed ogre
  9801 | D:10     | Noticed a gargoyle
 10005 | D:10     | Killed a gargoyle
 10449 | D:10     | Found a hide-covered altar of Uskayaw.
 10546 | D:11     | Noticed a cyclops
 10925 | D:11     | Reached XP level 11. HP: 38/68 MP: 6/11
 11090 | D:9      | Killed a two-headed ogre
 11553 | D:9      | Noticed a cyclops
 11604 | D:9      | Noticed a cyclops
 11628 | D:9      | Noticed a centaur warrior
 11717 | D:9      | Killed a two-headed ogre
 11808 | D:9      | Noticed a cyan ugly thing
 12124 | D:8      | Noticed a two-headed ogre
 12128 | D:8      | Killed a two-headed ogre
 12204 | D:8      | Noticed a brown ugly thing
 12204 | D:8      | Noticed a white ugly thing
 12243 | D:9      | Killed a brown ugly thing
 12559 | D:8      | Killed a green ugly thing
 12835 | D:8      | Killed Joseph
 12836 | D:8      | Reached skill level 5 in Shields
 12934 | D:8      | Noticed an orc knight
 12947 | D:8      | Killed an orc knight
 12995 | D:8      | Noticed a deep elf pyromancer
 13259 | D:8      | Killed a deep elf pyromancer
 13301 | D:8      | Noticed a boulder beetle
 13328 | D:8      | Killed a boulder beetle
 13329 | D:8      | Reached XP level 12. HP: 77/77 MP: 12/12
 13351 | D:8      | Noticed a tengu warrior
 13384 | D:8      | Killed a tengu warrior
 13385 | D:8      | Reached skill level 10 in Fighting
 13956 | D:11     | Found a staircase to the Lair.
 14018 | Lair:1   | Entered Level 1 of the Lair of Beasts
 14185 | Lair:1   | Reached skill level 1 in Ranged Weapons
 14445 | Lair:1   | Reached skill level 2 in Ranged Weapons
 14669 | Lair:1   | Reached skill level 3 in Ranged Weapons
 15216 | Lair:1   | Reached skill level 4 in Ranged Weapons
 15811 | Lair:2   | Noticed a catoblepas
 15815 | Lair:2   | Killed a catoblepas
 15962 | Lair:2   | Reached skill level 5 in Ranged Weapons
 15966 | Lair:2   | Reached XP level 13. HP: 84/84 MP: 13/13
 16430 | Lair:2   | Reached skill level 6 in Ranged Weapons
 16473 | Lair:2   | Reached **** piety under Trog
 17046 | Lair:2   | Reached skill level 7 in Ranged Weapons
 17985 | Lair:3   | Found a staircase to the Swamp.
 18029 | Lair:3   | Reached skill level 8 in Ranged Weapons
 18291 | Lair:3   | Reached skill level 1 in Evocations
 18498 | Lair:3   | Found a hole to the Spider Nest.
 19414 | Lair:4   | Reached skill level 9 in Ranged Weapons
 19817 | Lair:4   | Reached XP level 14. HP: 88/92 MP: 14/14
 20212 | Lair:4   | Found a staircase to the Slime Pits.
 21072 | Lair:5   | Entered Level 5 of the Lair of Beasts
 21266 | Lair:5   | Reached skill level 10 in Ranged Weapons
 21317 | Lair:4   | Reached skill level 5 in Evocations
 21647 | Lair:5   | Reached ***** piety under Trog
 22626 | Lair:5   | Reached skill level 11 in Ranged Weapons
 22985 | Lair:5   | Reached skill level 5 in Armour
 24195 | Lair:5   | Reached XP level 15. HP: 81/100 MP: 12/15
 25079 | D:11     | Found an ancient bone altar of Kikubaaqudgha.
 26114 | D:3      | Bought a ring of see invisible for 165 gold pieces
 26654 | D:12     | Reached skill level 12 in Ranged Weapons
 28626 | D:13     | Noticed Josephine
 28668 | D:13     | Noticed a frost giant
 29552 | Orc:1    | Entered Level 1 of the Orcish Mines
 29577 | Orc:1    | Received a gift from Trog
 30556 | Orc:2    | Entered Level 2 of the Orcish Mines
 30612 | Orc:2    | Reached skill level 13 in Ranged Weapons
 31208 | Orc:2    | Received a gift from Trog
 31450 | Orc:2    | Found Pyuletuph's Assorted Antiques.
 31724 | Orc:2    | Noticed Saint Roka
 31742 | Orc:2    | Killed Saint Roka
 31773 | Orc:2    | Found Ymutuoga's Antique Weapon Emporium.
 31773 | Orc:2    | Found Poetuk's Antique Armour Shoppe.
 31778 | Orc:2    | Reached skill level 15 in Fighting
 32010 | Orc:2    | Found a staircase to the Elven Halls.
 32162 | Orc:2    | Reached XP level 16. HP: 108/108 MP: 16/16
 32162 | Orc:2    | Found Zeuq's Distillery.
 32358 | Orc:2    | Found Yxtepn's Specific Store.
 32359 | Orc:2    | Found Qaisaz's General Store.
 32743 | D:12     | Killed Josephine
 32744 | D:12     | Reached skill level 10 in Evocations
 32747 | D:12     | Killed a frost giant
 33032 | D:12     | Received a gift from Trog
 33525 | D:14     | Reached skill level 14 in Ranged Weapons
 33926 | D:14     | Found a gate to the Vaults.
 34972 | D:14     | Found a bloodstained altar of Trog.
 35595 | D:14     | Reached skill level 15 in Ranged Weapons
 35846 | D:15     | Entered Level 15 of the Dungeon
 35972 | D:15     | Found a staircase to the Depths.
 36172 | D:15     | Identified the +1 giant spiked club "Gocwiab" {holy, Str+7
                  | Stlth+}
 36717 | D:15     | Reached skill level 16 in Ranged Weapons
 37991 | D:15     | Reached skill level 10 in Dodging
 38389 | D:3      | Bought the ring of Sebic {rPois rC++ Will+} for 551 gold
                  | pieces
 38789 | Spider:1 | Entered Level 1 of the Spider Nest
 39016 | Spider:1 | Upgraded the game from 0.32-a0-43-g058985b245 to
                  | 0.32-a0-86-g8db1b9f803
 39240 | Spider:1 | Slain by a wolf spider

Illustrated notes

Levels and vault maps discovered:
D:1:      ldierk_walled_garden_2, layout_rooms, ebering_ecumenical_altar_mist,
          serial_corexii_hall, corexii_hall_statues_s, corexii_hall_statues_i,
          roderic_lattice_a
D:2:      layout_loops_corners
D:3:      layout_loops_ring, serial_shops, nicolae_shop_gibbet_a_chance,
          uniq_crazy_yiuf_cottage
D:4:      layout_loops_ring, grunt_temple_overflow_forces_of_nature,
          hangedman_decor_riveting
D:5:      layout_cave_pools, kennysheep_generic_room_11
D:6:      minmay_skewed_foursquare, layout_basic, uniq_jeremiah
D:7:      layout_loops_ring, vehumet_statue, temple_green,
          hellmonk_guarded_unrand_hermit, uniq_maggie
D:8:      minmay_klotski, layout_basic,
          nicolae_gozag_cash_rules_everything_around_me, minmay_door_square,
          uniq_joseph
D:9:      gammafunk_the_bubble [the_bubble_gammafunk_crates], layout_basic
D:10:     layout_cave_pools, lemuel_tele_altar, orc_0_dummy, minmay_holes
D:11:     layout_basic, dpeg_oklobed_lair, roadster_capsule_ark_zombie
D:12:     layout_long_grid
D:13:     layout_cave_pools, kennysheep_island_fort, uniq_josephine
D:14:     minmay_blocking_statues, layout_irregular_city, david_vaults_4,
          trog_ov_bears_minmay
D:15:     hangedman_depths_entry_try_elsewhere_first, layout_basic,
          serial_park_square3 [serial_park_minivault_5x5_7],
          hangedman_abyss_or_decor_stabs, moated_statue
Temple:   hellmonk_temple_divided_pantheon
Lair:1:   layout_cave_shapes
Lair:2:   layout_cave_pods, grunt_megastairs_5, lemuel_fruit_fields,
          infiniplex_staircase_pool, serial_bayou_shore_b
Lair:3:   layout_roguey, minmay_swamp_entry_reptiles,
          spider_nest_entry_funnel_web, kilobyte_rumbling_trees
Lair:4:   layout_small_grid, minmay_slime_entry_pillars, beast_lair_carwin_11
Lair:5:   grunt_lair_end_beastmaster, layout_big_grid
Spider:1: layout_spider_delve, nicolae_spider_world_wide_web
Orc:1:    cheibrodos_orc_guarddog, layout_diamond_mine
Orc:2:    grunt_orc_community_town_hall, layout_caves,
          grunt_orc_community_big_house_2, grunt_orc_community_big_house_1,
          grunt_orc_community_house_3, grunt_orc_community_house_3,
          grunt_orc_community_house_1, grunt_orc_community_house_3,
          grunt_orc_community_house_1, nicolae_specific_store

Skill      XL: |  1  2  3  4  5  6  7  8  9 10 11 12 13 14 15 16 |
---------------+-------------------------------------------------+-----
Stealth        | 1 2 3 4 5 7 9 10 | 10.0
Short Blades   | 5 6 7 8 10 12 13 14 | 14.0
Fighting       | 4 5 6 7 8 9 11 12 13 15 | 15.0
Throwing       | 1 4 6 8 |  8.0
Dodging        | 5 7 8 10 | 10.1
Shields        | 3 5 7 8 |  8.0
Ranged Weapons | 5 9 11 13 16 | 16.6
Evocations     | 3 7 9 10 | 10.0
Armour         | 3 5 7 8 |  8.0

Action                     |  1- 3 |  4- 6 |  7- 9 | 10-12 | 13-15 | 16-18 || total
---------------------------+-------+-------+-------+-------+-------+-------++-------
  Melee: Short sword       |    43 |    73 |   251 |    21 |       |       ||   388
         Punch             |     1 |     1 |     5 |    13 |       |     2 ||    22
         Dagger            |    13 |    22 |    85 |    99 |       |       ||   219
         Rapier            |       |       |       |   728 |  2053 |   420 ||  3201
   Fire: Sling             |       |       |       |     8 |   233 |       ||   241
         Arbalest          |       |       |       |       |       |     4 ||     4
  Throw: Stone             |       |     1 |     3 |     4 |       |       ||     8
         Dart              |       |       |     4 |    33 |    58 |    20 ||   115
         Boomerang         |       |       |       |    12 |   107 |   114 ||   233
 Invoke: Berserk           |     2 |     3 |    11 |     9 |     4 |     2 ||    31
         Trog's Hand       |       |       |     2 |     5 |     6 |     1 ||    14
         Brothers in Arms  |       |       |       |       |     2 |     2 ||     4
  Evoke: Wand              |       |       |       |     2 |     4 |       ||     6
    Use: Scroll            |       |    11 |     1 |    12 |     7 |     2 ||    33
         Potion            |       |       |       |     3 |       |     2 ||     5
   Stab: Sleeping          |    10 |    19 |    19 |    23 |    46 |     8 ||   125
         Distracted        |     1 |     1 |     2 |     5 |     3 |     2 ||    14
         Invisible         |       |       |       |     4 |       |       ||     4
 Armour: Animal skin       |     7 |    16 |       |       |       |       ||    23
         Leather armour    |       |     5 |    85 |       |       |       ||    90
         Steam dragon scal |       |       |       |   146 |       |       ||   146
         Acid dragon scale |       |       |       |    85 |   554 |   267 ||   906
  Dodge: Dodged            |    31 |    35 |   110 |   452 |   879 |   363 ||  1870
  Block: Buckler           |       |       |       |    89 |   583 |   171 ||   843

Table legend: (Time is in decaauts)
 A = Elapsed time spent in this place.
 B = Non-inter-level travel time spent in this place.
 C = Inter-level travel time spent in this place.
 D = Time resting spent in this place.
 E = Time spent auto-exploring this place.
 F = Levels seen in this place.
 G = Mean time per level.
                   A        B        C        D        E       F      G
               +--------+--------+--------+--------+--------+-----+--------+
         Total |  37883 |  34829 |   3054 |   7157 |  18535 |  24 | 1578.5 |
       Dungeon |  24158 |  21730 |   2428 |   4069 |  12368 |  15 | 1610.5 |
        Temple |     46 |     46 |      0 |     36 |      0 |   1 |   46.0 |
          Lair |  10530 |  10013 |    517 |   2692 |   4490 |   5 | 2106.0 |
   Spider Nest |    127 |    127 |      0 |     24 |      0 |   1 |  127.0 |
  Orcish Mines |   3022 |   2913 |    109 |    335 |   1677 |   2 | 1511.0 |
               +--------+--------+--------+--------+--------+-----+--------+

Top non-repeatable levels by time:
  Lair:5: 3256 daAuts
    D:14: 2893 daAuts
     D:8: 2626 daAuts
     D:9: 2142 daAuts
  Lair:3: 2030 daAuts
    D:13: 1966 daAuts
    D:15: 1962 daAuts
    D:12: 1875 daAuts
  Lair:4: 1793 daAuts
  Lair:1: 1768 daAuts
   Orc:2: 1754 daAuts
  Lair:2: 1681 daAuts
    D:11: 1561 daAuts
     D:6: 1553 daAuts
   Orc:1: 1267 daAuts
